 Dungeon Crawl Stone Soup version 0.27.1 (webtiles) character file.

Game seed: 13183897684678346262

272 a11behringer the Ruffian (level 6, -1/48 HPs)
             Began as a Draconian Transmuter on Aug 22, 2021.
             Succumbed to a water moccasin's poison
             ... on level 4 of the Dungeon.
             The game lasted 00:22:05 (3420 turns).

a11behringer the Ruffian (Draconian Transmuter)     Turns: 3420, Time: 00:22:06

Health: -1/48      AC:  8    Str: 14    XL:     6   Next: 2%
Magic:  9/10       EV: 12    Int: 14    God:
Gold:   94         SH:  0    Dex: 11    Spells: 7/10 levels left

rFire    . . .     SeeInvis .     - Unarmed
rCold    . . .     Faith    .   (no shield)
rNeg     . . .     Spirit   .   (armour unavailable)
rPois    .         Reflect  .   (helmet restricted)
rElec    .         Harm     .   b - +0 cloak
rCorr    .         Rampage  .   (no gloves)
Will     .....                  o - +0 pair of boots
Stlth    ++........             (no amulet)
HPRegen  0.16/turn              (no ring)
MPRegen  0.12/turn              (no ring)

@: lethally poisoned (-1 -> -13), wereblooded (expiring)
A: AC +6, unfitting armour, cold-blooded
a: no special abilities


You were on level 4 of the Dungeon.
You visited 1 branch of the dungeon, and saw 4 of its levels.

You collected 95 gold pieces.
You donated 1 gold pieces to Zin.

Inventory:

Armour
 b - a +0 cloak (worn)
 o - a +0 pair of boots (worn)
Scrolls
 d - a scroll of teleportation
 e - a scroll of blinking {unknown}
 f - 2 scrolls of noise {unknown}
 g - a scroll of fear {unknown}
 h - a scroll of magic mapping {unknown}
 i - a scroll of enchant armour {unknown}
 k - a scroll of summoning {unknown}
 m - a scroll of immolation {unknown}
Potions
 a - 2 potions of degeneration
 j - a potion of curing {unknown}
 l - a potion of heal wounds {unknown}
 n - a potion of attraction {unknown}
 p - 2 potions of flight
 q - 2 potions of berserk rage
 r - a potion of brilliance {unknown}
 s - a potion of haste {unknown}


   Skills:
 + Level 1.8 Fighting
 + Level 2.7 Dodging
 + Level 1.3 Stealth
 + Level 5.1 Unarmed Combat
 + Level 2.8 Spellcasting
 + Level 2.4 Transmutations


You had 7 spell levels left.
You knew the following spells:

 Your Spells              Type           Power      Damage    Failure   Level
a - Beastly Appendage     Tmut           16%        N/A       8%          1
b - Wereblood             Tmut           8%         N/A       12%         2

Your spell library contained the following spells:

 Spells                   Type           Power      Damage    Failure   Level
 Spider Form              Tmut/Pois      2%         N/A       36%         3
 Ice Form                 Ice/Tmut       5%         N/A       78%         4
 Summon Forest            Summ/Tloc      1%         N/A       99%         5
 Summon Mana Viper        Hex/Summ       2%         N/A       99%         5
 Shadow Creatures         Summ           N/A        N/A       100%        6


Dungeon Overview and Level Annotations

Branches:
Dungeon (4/15)
 Temple: D:4-7

Altars:
Ashenzari
Elyvilon
Hepliaklqana
Zin


Innate Abilities, Weirdness & Mutations

Your plain brown scales are hard. (AC +6)
You cannot fit into any form of body armour.
You are cold-blooded and may be slowed by cold attacks.


Message History

Found a runed dagger.
The iguana bites you but does no damage.
You hit the iguana.
You tail-slap the iguana, but do no damage.
The iguana is lightly wounded.
The iguana hisses menacingly.
The iguana bites you!
* * * LOW HITPOINT WARNING * * *
You barely miss the iguana.
The iguana is lightly wounded.
You howl as the wereblood boils in your veins!
You hear a shout!
The iguana completely misses you.
A hobgoblin comes into view.
You hit the iguana.
The iguana is heavily wounded.
The iguana closely misses you.
You hit the iguana but do no damage.
Your tail-slap misses the iguana.
The iguana is heavily wounded.
The iguana barely misses you.
You punch the iguana!
You feel a bit better.
You kill the iguana!
The water moccasin closely misses you.
You have reached level 6!
Your experience leads to an increase in your attributes!
Increase (S)trength, (I)ntelligence, or (D)exterity?
You feel stronger.
Your scales feel tougher.
Okay, then.
You closely miss the water moccasin. The water moccasin misses you.
You punch the water moccasin!
The water moccasin is moderately wounded.
Your primal bloodlust is almost over.
The water moccasin bites you.
* * * LOW HITPOINT WARNING * * *
You are lethally poisoned!
The water moccasin poisons you! The water moccasin bites you.
* * * LOW HITPOINT WARNING * * *
You miss the water moccasin.
The water moccasin is moderately wounded.
You die...

....... #.# ##....
.......##.# ...S..
........#)#### #...#
.......<.....##....##.
.8.....#..##..........
.......#......)..##...
...#####......!#.# ..
#.....$S#.#.$# $
#......@....#
##...........#
#.......g.....
#.......$...#.
###....(......
###†..........
##..)..........
#.............)
#########..{########


You could see a water moccasin and a hobgoblin.

Vanquished Creatures
  A scorpion (D:4)
  An orc priest (D:3)
  Crazy Yiuf (D:3)
  An iguana (D:4)
  A gnoll (D:2)
  4 adders
  2 worms
  A dart slug (D:1)
  8 orcs
  8 bats
  6 endoplasms
  3 goblins (D:1)
  A hobgoblin (D:1)
  10 jackals
  6 kobolds
  A quokka (D:3)
  4 ball pythons
  2 frilled lizards (D:1)
  6 rats
67 creatures vanquished.

Notes
Turn   | Place    | Note
-------+----------+-------------------------------------------
     0 | D:1      | a11behringer the Draconian Transmuter began the quest for
                  | the Orb.
     0 | D:1      | Reached XP level 1. HP: 16/16 MP: 3/3
   139 | D:1      | Reached XP level 2. HP: 23/23 MP: 5/5
   756 | D:1      | Reached XP level 3. HP: 19/28 MP: 6/6
   768 | D:1      | Learned a level 2 spell: Wereblood
   965 | D:1      | Found a faded altar of an unknown god.
   974 | D:1      | Became a worshipper of Zin the Law-Giver
   974 | D:1      | Reached * piety under Zin
  1290 | D:2      | Found a hazy altar of Hepliaklqana.
  1304 | D:2      | Fell from the grace of Zin
  1842 | D:2      | Reached skill level 4 in Unarmed Combat
  2105 | D:3      | Reached XP level 4. HP: 20/35 MP: 7/7
  2128 | D:3      | HP: 1/35 [poisoned by an orc priest]
  2495 | D:3      | Found a white marble altar of Elyvilon.
  2564 | D:3      | Found a broken altar of Ashenzari.
  2852 | D:3      | Found a runed translucent door.
  2853 | D:3      | Noticed Crazy Yiuf
  2860 | D:3      | Killed Crazy Yiuf
  2861 | D:3      | Reached skill level 1 in Stealth
  2861 | D:3      | Reached XP level 5. HP: 40/40 MP: 6/9
  3317 | D:4      | Reached skill level 5 in Unarmed Combat
  3409 | D:4      | Noticed a water moccasin
  3418 | D:4      | Reached XP level 6. HP: 10/48 MP: 8/10
  3419 | D:4      | HP: 2/48 [water moccasin (2)]
  3420 | D:4      | Succumbed to a water moccasin's poison

Illustrated notes

Levels and vault maps discovered:
D:1:      lightli_arrival_statue_moat, layout_loops_ring, basic_ecumenical_altar
D:2:      layout_loops_cross, basic_altar, cheibrodos_gnoll_hut
D:3:      layout_basic, elyvilon_altar_4, evilmike_ruin_ashenzari, st_stairs_2,
          grunt_ministairs_2, uniq_crazy_yiuf_cottage
D:4:      layout_rooms, mainiacjoe_overflow_tiny_flanked, enter_ossuary_4,
          grunt_ministairs_2

Skill      XL: |  1  2  3  4  5 |
---------------+----------------+-----
Dodging        | 2 |  2.7
Unarmed Combat | 4 5 |  5.1
Stealth        | 1 |  1.3
Fighting       | |  1.8
Spellcasting   | |  2.8
Transmutations | |  2.4

Action                   |  1- 3 |  4- 6 || total
-------------------------+-------+-------++-------
Melee: Unarmed           |   156 |   112 ||   268
       Kick              |     7 |     7 ||    14
       Tailslap          |     8 |     9 ||    17
       Headbutt          |     3 |     4 ||     7
       Punch             |       |     2 ||     2
 Cast: Beastly Appendage |     4 |     3 ||     7
       Wereblood         |     3 |     3 ||     6
Invok: Renounce Religion |     1 |       ||     1
  Use: Scroll            |       |     5 ||     5
 Stab: Sleeping          |     3 |       ||     3
Armor: Skin              |    69 |    37 ||   106
Dodge: Dodged            |   138 |    85 ||   223
